 Dungeon Crawl Stone Soup version 0.30-a0-721-ga6a225cb13 (webtiles) character file.

Game seed: 8517406138701521063

3372 Anon1729 the Cleaver (level 9, -2/77 (83) HPs)
             Began as a Minotaur Monk on Jan 27, 2023.
             Was a Priest of Trog.
             Slain by a killer bee (5 damage)
             ... on level 7 of the Dungeon.
             The game lasted 00:05:42 (6173 turns).

Anon1729 the Cleaver (Minotaur Monk)                Turns: 6173, Time: 00:05:42

HP:   -2/77 (83)    AC: 10    Str: 20    XL:     9   Next: 73%
MP:   8/8           EV:  9    Int:  7    God:    Trog [***...]
Gold: 381           SH:  5    Dex: 13    Spells: 8/8 levels left

rFire   . . .      SeeInvis .    F - +0 battleaxe
rCold   + + .      Faith    .    (shield currently unavailable)
rNeg    . . .      Spirit   .    k - +0 chain mail
rPois   +          Reflect  +    (helmet restricted)
rElec   +          Harm     .    (no cloak)
rCorr   +          Rampage  .    (no gloves)
Will    .....                    (no boots) Stlth
                                 h - amulet of reflection
HPRegen 0.32/turn                z - ring of ice
MPRegen 0.11/turn                (no ring)

@: lethally poisoned (-2 -> -10), resistant, drained
A: horns 2, retaliatory headbutt
a: Renounce Religion, Berserk, Trog's Hand


You were on level 7 of the Dungeon.
You worshipped Trog.
Trog was most pleased with you.
You visited 2 branches of the dungeon, and saw 8 of its levels.

You collected 381 gold pieces.

Inventory:

Hand Weapons
 a - a +0 hand axe
 w - the +3 short sword "Ynirph" {freeze, rC+ Dex+4}
   (You found it on level 3 of the Dungeon)

   Dex:       It affects your dexterity (+4).
   rC:        It protects you from cold.
 B - a +0 longbow
 F - a +0 battleaxe (weapon)
Missiles
 f - a throwing net (quivered)
Armour
 b - a +0 robe
 k - a +0 chain mail (worn)
 y - +0 steam dragon scales
Jewellery
 h - an amulet of reflection (around neck)
 z - a ring of ice (left hand)
Wands
 E - a wand of digging (6)
Scrolls
 e - a scroll of acquirement {unknown}
 g - 5 scrolls of identify
 i - 3 scrolls of teleportation
 j - 2 scrolls of magic mapping {unknown}
 l - a scroll of vulnerability {unknown}
 m - 2 scrolls of noise {unknown}
 n - 2 scrolls of fog {unknown}
 o - a scroll of blinking {unknown}
 p - 3 scrolls of amnesia {unknown}
 A - 2 scrolls of enchant armour {unknown}
 C - a scroll of enchant weapon {unknown}
Potions
 c - a potion of ambrosia
 d - 3 potions of haste {unknown}
 q - 3 potions of resistance
 r - 2 potions of heal wounds {unknown}
 s - a potion of cancellation {unknown}
 t - 4 potions of curing {unknown}
 u - 2 potions of flight {unknown}
 v - 2 potions of lignification {unknown}
 x - 2 potions of berserk rage {unknown}
 D - a potion of might {unknown}


   Skills:
 + Level 9.1 Fighting
 * Level 12.1 Axes
 + Level 8.1 Armour
 - Level 3.4 Dodging
 - Level 1.8 Stealth


You had 8 spell levels left.
You didn't know any spells.
Your spell library contained the following spells:

 Spells                   Type           Power      Damage    Failure   Level
 Necrotise                Necr           0%         1d4       98%         1
 Vampiric Draining        Necr           0%         2d6       100%        3
 Agony                    Necr           0%         N/A       100%        5


Dungeon Overview and Level Annotations

Branches:
Dungeon (7/15)             Temple (1/1) D:6

Altars:
Ashenzari
Dithmenos
Fedhas
Gozag
Hepliaklqana
Kikubaaqudgha
Makhleb
Nemelex Xobeh
Okawaru
Qazlal
Ru
Sif Muna
Trog
Vehumet
Wu Jian
Xom
Yredelemnul
Zin
The Shining One

Shops:
D:1 (   D:6 :=

Annotations:
D:4 Pikel


Innate Abilities, Weirdness & Mutations

You have a pair of horns on your head.
You reflexively headbutt those who attack you in melee.


Message History

You feel drained.
You are too injured to fight recklessly!
You are too injured to fight recklessly!
You are too injured to fight recklessly!
You are too injured to fight recklessly!
You miss the killer bee. Your headbutt misses the killer bee.
The killer bee is heavily wounded.
You feel sick. The killer bee stings you.
You are more poisoned.
The killer bee poisons you! The killer bee stings you.
You block the wight's attack. The killer bee stings you.
You feel very sick. The killer bee barely misses you.
You hit the killer bee.
The killer bee is heavily wounded.
You feel sick.
The killer bee stings you but does no damage.
The wight hits you but does no damage.
The killer bee stings you but does no damage.
You miss the killer bee. Your headbutt misses the killer bee.
The killer bee is heavily wounded.
You feel sick. The killer bee barely misses you. You block the wight's attack.
The killer bee barely misses you.
You miss the killer bee.
The killer bee is heavily wounded.
You feel sick. The killer bee stings you!
* * * LOW HITPOINT WARNING * * *
The wight hits you from afar with a +1 spear.
* * * LOW HITPOINT WARNING * * *
The killer bee stings you.
* * * LOW HITPOINT WARNING * * *
You are lethally poisoned!
The killer bee poisons you!
Okay, then.
It was a potion of resistance.
You feel protected.
* * * LOW HITPOINT WARNING * * *
You feel very sick. The killer bee stings you.
You die...

#.#.......# # #.#.......#.#.
#.#.......#.. #.#..._...^..
#.#.......#.# #.#..?....#.#
###.#..†z...#.# #...####y####.#
#.#...)..@....######
#.####.###.#[..##... ..[ ##.#
#......).#..... ...####..#
##..#..##..##.#
...#....#######.......###.#
...#.######......#..#####.####
............####....###...†..#+#
....#.###.######..........####_#
......# #.................####'#


You could see a killer bee and a wight.

Vanquished Creatures
  A two-headed ogre (D:6)
  Prince Ribbit (D:7)
  A vampire (D:6)
  A yak (D:6)
  A steam dragon (D:5)
  2 sky beasts
  2 black bears
  2 ice beasts
  An ogre (D:6)
  2 gnoll sergeants
  2 scorpions (D:5)
  A necrophage (D:6)
  2 wights (D:7)
  15 killer bees
  3 hounds
  Jessica (D:3)
  2 orc wizards (D:7)
  16 gnolls
  6 adders
  3 shadow imps
  3 white imps
  An ufetubus (D:5)
  A worm (D:2)
  2 dart slugs
  9 orcs
  3 endoplasms
  4 giant cockroaches
  7 goblins
  2 hobgoblins (D:3)
  6 jackals
  5 quokkas
  8 ball pythons
  4 bats
  3 frilled lizards
  2 kobolds (D:1)
  4 rats
129 creatures vanquished.

Notes
Turn   | Place    | Note
-------+----------+-------------------------------------------
     0 | D:1      | Anon1729 the Minotaur Monk began the quest for the Orb.
     0 | D:1      | Reached XP level 1. HP: 19/19 MP: 0/0
   128 | D:1      | Reached XP level 2. HP: 23/27 MP: 1/1
   237 | D:1      | Found Nauxahir's Weapon Boutique.
   356 | D:1      | Reached skill level 4 in Axes
   789 | D:2      | Reached XP level 3. HP: 32/33 MP: 2/2
   829 | D:2      | Reached skill level 1 in Armour
  1043 | D:2      | Found a faded altar of an unknown god.
  1686 | D:3      | Found a bloodstained altar of Trog.
  1690 | D:3      | Reached XP level 4. HP: 40/40 MP: 3/3
  1691 | D:3      | Found a glowing silver altar of Zin.
  1729 | D:3      | Became a worshipper of Trog the Wrathful
  1729 | D:3      | Reached * piety under Trog
  1729 | D:3      | Reached ** piety under Trog
  1736 | D:3      | Found a broken altar of Ashenzari.
  1741 | D:3      | Identified the +3 short sword "Ynirph" {freeze, rC+ Dex+4}
  1895 | D:3      | Found a burning altar of Makhleb.
  1895 | D:3      | Noticed a green death
  1898 | D:3      | Noticed an orange demon
  1898 | D:3      | Noticed a ynoxinul
  1933 | D:3      | Noticed Jessica
  1940 | D:3      | Killed Jessica
  1941 | D:3      | Reached skill level 5 in Axes
  2368 | D:4      | Found a shimmering blue altar of Sif Muna.
  2448 | D:4      | Noticed a lemure
  2449 | D:4      | Noticed Pikel
  2450 | D:4      | Noticed a lemure
  2459 | D:5      | Entered Level 5 of the Dungeon
  2575 | D:5      | Reached XP level 5. HP: 45/47 MP: 4/4
  2598 | D:5      | Noticed an ice beast
  2607 | D:5      | Killed an ice beast
  2608 | D:5      | Reached skill level 5 in Fighting
  2608 | D:5      | Reached skill level 6 in Axes
  2734 | D:5      | Noticed a steam dragon
  2743 | D:5      | Killed a steam dragon
  2744 | D:5      | Reached XP level 6. HP: 56/56 MP: 5/5
  2836 | D:5      | Reached skill level 7 in Axes
  2836 | D:5      | Reached XP level 7. HP: 55/62 MP: 6/6
  2935 | D:5      | Identified the +1 robe "Wivonib" {rPois}
  3712 | D:6      | Reached skill level 8 in Axes
  3719 | D:6      | Reached skill level 5 in Armour
  4167 | D:5      | Reached XP level 8. HP: 71/71 MP: 7/7
  4247 | D:6      | Found Woqa's Jewellery Boutique.
  4394 | D:6      | Reached skill level 9 in Axes
  4410 | D:6      | Found Anuuqueck's Book Boutique.
  4757 | D:6      | Noticed a two-headed ogre
  4764 | D:6      | Killed a two-headed ogre
  4765 | D:6      | Reached skill level 10 in Axes
  4765 | D:6      | Reached XP level 9. HP: 81/81 MP: 8/8
  4833 | D:6      | Found a staircase to the Ecumenical Temple.
  4853 | Temple   | Entered the Ecumenical Temple
  5147 | D:6      | Reached skill level 11 in Axes
  5532 | D:7      | Found an ornate altar of the Wu Jian Council.
  5628 | D:7      | Reached *** piety under Trog
  5713 | D:7      | Found a stormy altar of Qazlal.
  5867 | D:7      | Noticed Prince Ribbit
  5885 | D:7      | Killed Prince Ribbit
  6053 | D:7      | Reached skill level 12 in Axes
  6157 | D:7      | Found an iron altar of Okawaru.
  6173 | D:7      | HP: 3/77 [poisoned by a killer bee]
  6173 | D:7      | Slain by a killer bee

Illustrated notes

Levels and vault maps discovered:
D:1:      minmay_arrival_diagonal_passages, layout_basic, serial_shops,
          nicolae_shop_trees
D:2:      layout_loops_ring, shapermc_ecumenical_altar_mp_highgroup, nrook_uturn
D:3:      layout_rooms, mainiacjoe_overflow_boulevard,
          makhleb_altar_promises_db, jmf_multi_god_temple, minivault_11,
          minmay_crystal_room, kennysheep_decorative_pillar,
          kennysheep_jessica_study
D:4:      layout_cave_pods, mainiacjoe_overflow_surrounded_room, uniq_pikel
D:5:      layout_loops_ring, grunt_ministairs_15
D:6:      minmay_cornered_nines, layout_rooms, minmay_temple_entry_grid,
          serial_shops, kennysheep_mini_moat, nicolae_shop_hallway_stairs
D:7:      layout_rooms, mainiacjoe_overflow_catwalk, kennysheep_mini,
          lemuel_tele_altar, mainiacjoe_overflow_24_doors, uniq_prince_ribbit1
Temple:   bh_familiar_temple

Skill      XL: |  1  2  3  4  5  6  7  8  9 |
---------------+----------------------------+-----
Axes           | 4 5 6 7 8 10 12 | 12.1
Fighting       | 4 5 6 8 9 |  9.1
Armour         | 1 2 3 4 5 6 8 |  8.1
Dodging        | |  3.4
Stealth        | |  1.8

Action                     |  1- 3 |  4- 6 |  7- 9 || total
---------------------------+-------+-------+-------++-------
  Melee: Hand axe          |    93 |    85 |   249 ||   427
         Headbutt          |    17 |    16 |    59 ||    92
         Punch             |     3 |     1 |     3 ||     7
         Battleaxe         |       |       |    13 ||    13
 Invoke: Berserk           |       |     2 |     5 ||     7
    Use: Scroll            |       |       |     2 ||     2
         Potion            |       |       |     1 ||     1
   Stab: Sleeping          |     3 |       |       ||     3
 Armour: Robe              |     9 |       |       ||     9
         Chain mail        |    20 |    44 |   122 ||   186
  Dodge: Dodged            |    37 |    36 |    94 ||   167
  Block: Other             |     9 |    12 |    47 ||    68

Table legend: (Time is in decaauts)
 A = Elapsed time spent in this place.
 B = Non-inter-level travel time spent in this place.
 C = Inter-level travel time spent in this place.
 D = Time resting spent in this place.
 E = Time spent auto-exploring this place.
 F = Levels seen in this place.
 G = Mean time per level.
                   A        B        C        D        E       F      G
               +--------+--------+--------+--------+--------+-----+--------+
         Total |   6216 |   6015 |    201 |    434 |   4611 |   8 |  777.0 |
       Dungeon |   5977 |   5788 |    189 |    434 |   4387 |   7 |  853.9 |
        Temple |    238 |    226 |     12 |      0 |    223 |   1 |  238.0 |
               +--------+--------+--------+--------+--------+-----+--------+

Top non-repeatable levels by time:
     D:6: 1373 daAuts
     D:5: 1275 daAuts
     D:2: 905 daAuts
     D:7: 725 daAuts
     D:1: 618 daAuts
     D:3: 607 daAuts
     D:4: 471 daAuts
  Temple: 238 daAuts
